 Dungeon Crawl Stone Soup version 0.26-a0-663-g36e8fdb655 (webtiles) character file.

Game seed: 12659765654128131038

3887 elmdor the Carver (level 10, -7/80 (81) HPs)
             Began as a Minotaur Delver on Oct 10, 2020.
             Was a Believer of Okawaru.
             Killed by the air
             ... invoked by Gastronok
              (31 damage)
             ... on level 8 of the Dungeon.
             The game lasted 00:20:31 (8652 turns).

elmdor the Carver (Minotaur Delver)                 Turns: 8652, Time: 00:20:31

HP:   -7/80 (81)    AC: 13    Str: 19    XL:     10   Next: 0%
MP:   9/9           EV: 11    Int:  7    God:    Okawaru [**....]
Gold: 435           SH:  5    Dex: 11    Spells: 9/9 levels left

rFire    + + .     SeeInvis .   I - +3 long sword (freeze) (curse)
rCold    . . .     Faith    .   (no shield)
rNeg     . . .     Spirit   .   k - +0 fire dragon scales
rPois    .         Reflect  +   (helmet restricted)
rElec    .         Harm     .   w - +0 cloak
rCorr    .         Rampage  .   u - +0 pair of gloves
MR       .....                  (no boots)
Stlth    +.........             z - amulet of reflection
HPRegen  0.23/turn              i - ring of protection from cold
MPRegen  0.11/turn              L - ring of flight

@: no status effects
A: retaliatory headbutt, horns 2, weak 1
a: Heroism, Renounce Religion, Evoke Flight


You were on level 8 of the Dungeon.
You worshipped Okawaru.
Okawaru was pleased with you.
You visited 2 branches of the dungeon, and saw 9 of its levels.

You collected 435 gold pieces.

Inventory:

Hand Weapons
 a - the +0 sword of Power
   (You found it on level 7 of the Dungeon)
 E - the +0 mace of Tender Mercy {flame, *Contam +Blink rElec Dex+4}
   (You found it on level 4 of the Dungeon)

   It has been specially enchanted to burn those struck by it, causing extra
   injury to most foes and up to half again as much damage against particularly
   susceptible opponents.
   It affects your dexterity (+4).
   It insulates you from electricity.
   It lets you blink.
   It causes magical contamination when unequipped.
 I - a cursed +3 long sword of freezing (weapon)
Missiles
 b - 232 stones
 l - 48 sling bullets
 y - 25 poisoned darts (quivered)
 A - 7 javelins
Armour
 j - a +0 chain mail of poison resistance
 k - +0 fire dragon scales (worn)
 u - a +0 pair of gloves (worn)
 w - a +0 cloak (worn)
Jewellery
 i - a ring of protection from cold (left hand)
 v - an uncursed ring of see invisible
 z - an amulet of reflection (around neck)
 L - a ring of flight (right hand)
Wands
 g - a wand of digging (3)
 F - a wand of polymorph (4)
 H - a wand of paralysis (12)
Scrolls
 c - 2 scrolls of fog
 d - 3 scrolls of magic mapping
 e - a scroll of fear
 h - 4 scrolls of teleportation {unknown}
 n - a scroll of amnesia {unknown}
 p - 3 scrolls of enchant armour {unknown}
 B - 2 scrolls of noise {unknown}
 D - 2 scrolls of immolation
 G - 3 scrolls of remove curse
 J - a scroll of blinking {unknown}
 K - 2 scrolls of enchant weapon {unknown}
Potions
 f - 2 potions of haste
 m - 7 potions of curing
 o - 2 potions of stabbing {unknown}
 q - a potion of ambrosia
 r - 4 potions of might
 s - 2 potions of lignification
 t - a potion of cancellation
 x - a potion of resistance
 C - a potion of mutation {unknown}


   Skills:
 + Level 5.5 Fighting
 + Level 11.1 Long Blades
 - Level 8.5 Maces & Flails
 + Level 8.0 Armour
 + Level 4.3 Dodging
 - Level 4.1 Stealth


You had 9 spell levels left.
You didn't know any spells.
Your spell library contained the following spells:

 Spells                   Type           Power        Failure   Level
 Magic Dart               Conj           #...         83%         1
 Shock                    Conj/Air       #...         83%         1
 Blink                    Tloc           N/A          92%         2
 Call Imp                 Summ           #.......     92%         2
 Slow                     Hex            #.......     92%         2
 Swiftness                Air            #.......     92%         2
 Conjure Flame            Conj/Fire      #.......     99%         3
 Mephitic Cloud           Conj/Pois/Air  #.......     99%         3
 Static Discharge         Conj/Air       #.......     99%         3
 Airstrike                Air            #.........   100%        4
 Lightning Bolt           Conj/Air       #.........   100%        5


Dungeon Overview and Level Annotations

Branches:
Dungeon (8/15)             Temple (1/1) D:5
   Lair: D:8-11

Altars:
Ashenzari
Cheibriados
Dithmenos
Elyvilon
Fedhas
Gozag
Hepliaklqana
Kikubaaqudgha
Nemelex Xobeh
Okawaru
Qazlal
Sif Muna
Trog
Uskayaw
Xom
Yredelemnul
Zin
The Shining One

Annotations:
D:5 1 runed translucent door, Crazy Yiuf
D:8 Gastronok


Innate Abilities, Weirdness & Mutations

You reflexively headbutt those who attack you in melee.
You have a pair of horns on your head.
You are weak. (Str -2)


Message History

You hit Gastronok. You freeze Gastronok.
You headbutt Gastronok, but do no damage.
Gastronok is lightly wounded.
Gastronok bites you!
You hit Gastronok. You freeze Gastronok.
Gastronok is lightly wounded.
You slash Gastronok! You freeze Gastronok. You headbutt Gastronok.
Gastronok is moderately wounded.
Gastronok bites you!
You slash Gastronok! You freeze Gastronok.
Gastronok is moderately wounded.
You hit Gastronok. You freeze Gastronok.
Gastronok is moderately wounded.
Gastronok bites you!
* * * LOW HITPOINT WARNING * * *
Okay, then.
Okay, then.
Gastronok waves his eye-stalks in wide circles.
The air twists around and strikes you!!
You die...

.## #..##.###.#
..## #.....#.#
#..# #.......##
.#.# #....##..##
..
##.###..#####..##
##.# ##.....##
##..## #....
##....##
##..###.....
.#...)#
##......#..
#....##
##@......##
.....#
#..?......#
.....#
##..........
......
#...[.......
.##...
####.......$$$.
......
#.....w........
......
..>........#####
.....#
............#
...#
.........#.##


You could see Gastronok.

Vanquished Creatures
  A two-headed ogre (D:6)
  An ugly thing (D:8)
  Grinder (D:6)
  Prince Ribbit (D:4)
  Sigmund (D:2)
  Duvessa (D:5)
  An orc warrior (D:7)
  2 sky beasts (D:8)
  A phantom (D:7)
  A necrophage (D:7)
  4 ogres
  3 centaurs
  Blork the orc (D:5)
  2 bullfrogs
  Dowan (D:5)
  7 wights
  2 bullfrog skeletons
  A hound (D:8)
  2 jellies
  Natasha (D:2)
  3 iguanas
  An orc wizard (D:8)
  4 worker ants
  2 hound skeletons
  A worker ant zombie (D:6)
  Robin (D:1)
  3 gnolls (D:7)
  5 adders
  3 shadow imps
  2 white imps
  An ufetubus (D:6)
  An ooze (D:6)
  2 worms
  3 adder skeletons
  3 leopard geckos
  6 orcs
  13 bats
  3 giant cockroaches
  16 goblins
  8 hobgoblins
  9 jackals
  7 kobolds
  6 quokkas
  A ball python skeleton (D:4)
  4 frilled lizards
  A leopard gecko skeleton (D:7)
  7 rats
151 creatures vanquished.

Notes
Turn   | Place    | Note
-------+----------+-------------------------------------------
     0 | D:5      | elmdor the Minotaur Delver began the quest for the Orb.
     0 | D:5      | Reached XP level 1. HP: 19/19 MP: 0/0
    38 | D:4      | Reached skill level 3 in Long Blades
    38 | D:4      | Reached skill level 1 in Armour
    38 | D:4      | Reached XP level 2. HP: 25/26 MP: 1/1
    38 | D:4      | Reached XP level 3. HP: 29/31 MP: 2/2
    62 | D:4      | Noticed an ogre
    78 | D:4      | Reached skill level 4 in Long Blades
   126 | D:3      | Found a broken altar of Ashenzari.
   437 | D:2      | Reached XP level 4. HP: 37/39 MP: 3/3
   543 | D:2      | Noticed Robin
   549 | D:2      | Noticed Sigmund
   714 | D:1      | Reached skill level 5 in Long Blades
  1320 | D:1      | Killed Robin
  1410 | D:2      | Killed Sigmund
  1410 | D:2      | Reached skill level 6 in Long Blades
  1410 | D:2      | Reached XP level 5. HP: 44/45 MP: 4/4
  1410 | D:2      | Reached XP level 6. HP: 50/51 MP: 5/5
  1973 | D:2      | Noticed Natasha
  1983 | D:2      | Killed Natasha
  2684 | D:3      | Reached skill level 7 in Long Blades
  3081 | D:3      | Reached XP level 7. HP: 41/57 MP: 6/6
  3488 | D:4      | Reached skill level 8 in Long Blades
  3488 | D:4      | Reached skill level 5 in Armour
  3841 | D:4      | Got an ivory mace
  3842 | D:4      | Identified the cursed +0 mace of Tender Mercy {flame,
                  | *Contam +Blink rElec Dex+4} (You found it on level 4 of the
                  | Dungeon)
  3851 | D:4      | Gained mutation: You are weak. (Str -2) [mutagenic glow]
  4217 | D:5      | Noticed Duvessa
  4217 | D:5      | Noticed Prince Ribbit
  4219 | D:5      | Noticed Dowan
  4630 | D:4      | Killed Prince Ribbit
  4630 | D:4      | Reached skill level 9 in Long Blades
  4990 | D:5      | Killed Duvessa
  4990 | D:5      | Reached XP level 8. HP: 60/64 MP: 7/7
  5132 | D:5      | Killed Dowan
  5184 | D:5      | Noticed Blork the orc
  5194 | D:5      | Killed Blork the orc
  5225 | D:5      | Found a staircase to the Ecumenical Temple.
  5235 | Temple   | Entered the Ecumenical Temple
  5449 | Temple   | Became a worshipper of Warmaster Okawaru
  5521 | D:5      | Found a hazy altar of Hepliaklqana.
  5522 | D:5      | Found a shadowy altar of Dithmenos.
  5577 | D:5      | Reached skill level 1 in Maces & Flails
  5862 | D:5      | Found a runed translucent door.
  5863 | D:5      | Noticed Crazy Yiuf
  6209 | D:6      | Noticed a two-headed ogre
  6218 | D:6      | Killed a two-headed ogre
  6218 | D:6      | Reached XP level 9. HP: 25/70 MP: 8/8
  6461 | D:6      | Paralysed by a wight for 6 turns
  6479 | D:6      | Reached * piety under Okawaru
  6548 | D:6      | Noticed Grinder
  6556 | D:6      | Killed Grinder
  6556 | D:6      | Reached skill level 10 in Long Blades
  7266 | D:7      | Upgraded the game from 0.26-a0-662-g8b9c6dab81 to
                  | 0.26-a0-663-g36e8fdb655
  7337 | D:7      | Found the +0 sword of Power
  8243 | D:7      | Found a basalt altar of Yredelemnul.
  8324 | D:8      | Noticed a purple ugly thing
  8337 | D:8      | Killed a purple ugly thing
  8337 | D:8      | Reached ** piety under Okawaru
  8337 | D:8      | Reached skill level 5 in Fighting
  8337 | D:8      | Reached skill level 11 in Long Blades
  8414 | D:8      | Found a shimmering altar of Xom.
  8509 | D:8      | Reached XP level 10. HP: 61/80 MP: 9/9
  8635 | D:8      | Noticed Gastronok
  8652 | D:8      | Killed from afar by Gastronok

Illustrated notes

Levels and vault maps discovered:
D:1:      minmay_arrival_radiant_lines, layout_basic
D:2:      layout_loops_corners, serial_rivers, chequers_serial_rivers_room_b,
          chequers_serial_rivers_room_a, chequers_serial_rivers_micro_d,
          chequers_serial_rivers_room_b, chequers_serial_rivers_room_b,
          hangedman_decor_lopped, uniq_robin, uniq_sigmund, uniq_natasha
D:3:      layout_loops_corners, cheibrodos_ashenzari_chains, st_stairs_5
D:4:      minmay_spotlight, layout_loops_cross, serial_bayou_ford_a
D:5:      layout_basic, riverfiend_overflow_shadow_ancestor,
          minmay_temple_entry_slanted, serial_rivers,
          chequers_serial_rivers_room_b, chequers_serial_rivers_large_b,
          chequers_serial_rivers_room_a, chequers_serial_rivers_micro_d,
          uniq_blork_the_orc, uniq_duvessa, uniq_prince_ribbit1,
          uniq_crazy_yiuf_cottage
D:6:      layout_rooms, uniq_grinder
D:7:      layout_basic, kennysheep_mini, feat_on_display
D:8:      layout_layer_cave, basic_altar, minmay_circle_x, uniq_gastronok
Temple:   eino_temple_water

Skill      XL: |  1  2  3  4  5  6  7  8  9 |
---------------+----------------------------+-----
Long Blades    | 3 4 6 7 9 11 | 11.1
Armour         | 1 2 3 4 6 8 |  8.0
Maces & Flails | 7 8 |  8.5
Fighting       | 5 |  5.5
Dodging        | 4 |  4.3
Stealth        | |  4.1

Action                   |  1- 3 |  4- 6 |  7- 9 | 10-12 || total
-------------------------+-------+-------+-------+-------++-------
Melee: Falchion          |    41 |    26 |       |       ||    67
       Headbutt          |     6 |    27 |    33 |     4 ||    70
       Short sword       |       |   106 |       |       ||   106
       Morningstar       |       |     4 |   104 |       ||   108
       Long sword        |       |       |   116 |     8 ||   124
Throw: Stone             |       |     1 |       |       ||     1
       Dart              |       |       |     7 |       ||     7
Evoke: Wand              |       |       |     6 |       ||     6
  Use: Scroll            |       |     3 |     8 |       ||    11
       Potion            |       |       |     1 |       ||     1
Armor: Fire dragon scale |    43 |    54 |   122 |     1 ||   220
       Skin              |       |       |     1 |       ||     1
Dodge: Dodged            |    45 |    70 |   113 |       ||   228
Block: Other             |       |       |     7 |       ||     7
       Rpst.: Falchion   |    11 |     9 |       |       ||    20
       Long sword        |       |       |    18 |       ||    18

Table legend: (Time is in decaauts)
 A = Elapsed time spent in this place.
 B = Non-inter-level travel time spent in this place.
 C = Inter-level travel time spent in this place.
 D = Time resting spent in this place.
 E = Time spent auto-exploring this place.
 F = Levels seen in this place.
 G = Mean time per level.
                   A        B        C        D        E       F      G
               +--------+--------+--------+--------+--------+-----+--------+
         Total |   8695 |   8425 |    270 |   1754 |   5116 |   9 |  966.1 |
       Dungeon |   8467 |   8220 |    247 |   1754 |   4913 |   8 | 1058.4 |
        Temple |    228 |    205 |     23 |      0 |    203 |   1 |  228.0 |
               +--------+--------+--------+--------+--------+-----+--------+

Top non-repeatable levels by time:
     D:2: 1573 daAuts
     D:4: 1527 daAuts
     D:5: 1259 daAuts
     D:7: 1121 daAuts
     D:6: 995 daAuts
     D:3: 894 daAuts
     D:1: 750 daAuts
     D:8: 344 daAuts
  Temple: 228 daAuts
